 Dungeon Crawl Stone Soup version 0.21-a0-91-ga5031da (webtiles) character file.

27 sagitran the Skirmisher (level 3, -7/36 HPs)
             Began as a Gnoll Wanderer on June 29, 2017.
             Mangled by Sigmund
             ... wielding a +0 scythe
              (9 damage)
             ... on level 2 of the Dungeon.
             The game lasted 00:07:32 (1054 turns).

sagitran the Skirmisher (Gnoll Wanderer)            Turns: 1054, Time: 00:07:33

Health: -7/36      AC:  3    Str: 10 (12) XL:     3   Next: 10%
Magic:  3/3        EV:  9    Int:  9 (10) God:
Gold:   31         SH:  0    Dex: 12 (15) Spells: 1/2 levels left

rFire    . . .     SeeInvis .   g - +0 dagger
rCold    . . .     Gourm    .   k - +1 shield
rNeg     . . .     Faith    .   a - +0 leather armour
rPois    .         Spirit   .   (no helmet)
rElec    .         Reflect  .   (no cloak)
rCorr    .         Harm     .   (no gloves)
MR       .....                  (no boots)
Stlth    +.........             l - amulet of inaccuracy (curse)
HPRegen  0.12/turn              (no ring)
MPRegen  0.08/turn              (no ring)

@: confused
A: short attention span, fangs 1, strong nose
a: no special abilities


You were on level 2 of the Dungeon.
You were not hungry.

You visited 1 branch of the dungeon, and saw 2 of its levels.

You collected 31 gold pieces.

Inventory:

Hand Weapons
 e - a +3 blowgun
 g - a +0 dagger (weapon)
Missiles
 d - 3 poisoned needles
Armour
 a - a +0 leather armour (worn)
 k - a +1 shield (worn)
Jewellery
 l - a cursed amulet of inaccuracy (around neck)
Scrolls
 i - 2 scrolls of teleportation
Books
 j - a book of Minor Magic

   Spells                             Type                      Level
   a - Magic Dart                     Conjuration                  1
   b - Blink                          Translocation                2
   c - Call Imp                       Summoning                    2
   d - Slow                           Hexes                        2
   e - Conjure Flame                  Conjuration/Fire             3
   f - Mephitic Cloud                 Conjuration/Poison/Air       3
Comestibles
 f - 2 bread rations


   Skills:
 + Level 7.0 Fighting
   Level 1.7 Polearms
   Level 1.7 Bows
 + Level 2.6 Throwing
 + Level 2.4 Armour
 + Level 1.7 Dodging
 + Level 1.7 Shields


You had one spell level left.
You knew the following spells:

 Your Spells              Type           Power        Failure   Level  Hunger
a - Magic Dart            Conj           #...         97%         1    ##.....


Dungeon Overview and Level Annotations

Branches:
Dungeon (2/15)

Altars:

Annotations:
D:2 Sigmund


Innate Abilities, Weirdness & Mutations

You have a short attention span.
You have very sharp teeth.
Your uncanny sense of smell can sniff out nearby items.


Message History

You shoot a poisoned needle. Something hits you.
Firing (i - inventory):
d - 6 poisoned needles (quivered)
Press: ? - help, Shift-Dir - straight line You shoot a poisoned needle.
You block something's attack.
Firing (i - inventory):
d - 5 poisoned needles (quivered)
Press: ? - help, Shift-Dir - straight line You shoot a poisoned needle.
Firing (i - inventory):
d - 4 poisoned needles (quivered)
Press: ? - help, Shift-Dir - straight line You shoot a poisoned needle.
Something hits you!
* * * LOW HITPOINT WARNING * * *
Wield which item (- for none, * to show all)? (? for menu, Esc to quit)
g - a +0 dagger (weapon)
You hear some strange, mumbled words.
You are confused.
You bump into the rock wall.
You hear some strange, mumbled words.
Something tries to affect you, but you resist.
You're too confused to move!
Something hits you!
You die...

. .. ... ∆
.... ....#
######.....#
#...@.......
#.##{....(##
## #.##......#
#. #.##......#
#.
#.##.......#
#. ########
#.##.......#
#. #......#
#.######.(.#
#. #......#
#.# #### #.
#......#####.#
##


There were no monsters in sight!

Vanquished Creatures
  2 adders (D:2)
  A goblin (D:1)
  2 hobgoblins (D:1)
  A bat (D:2)
  A frilled lizard (D:2)
  2 kobolds (D:1)
  2 rats (D:1)
11 creatures vanquished.

Notes
Turn   | Place    | Note
-------+----------+-------------------------------------------
     0 | D:1      | sagitran the Gnoll Wanderer began the quest for the Orb.
     0 | D:1      | sagitran set off with: a +0 leather armour, 3 throwing nets, a potion of curing, 11 poisoned needles, a +0 blowgun, a bread ration
     0 | D:1      | Reached XP level 1. HP: 22/22 MP: 1/1
   467 | D:1      | Reached XP level 2. HP: 27/29 MP: 2/2
   688 | D:2      | Learned a level 1 spell: Magic Dart
   747 | D:2      | Reached skill level 7 in Fighting
   747 | D:2      | Reached XP level 3. HP: 21/36 MP: 3/3
  1032 | D:2      | Noticed Sigmund
  1050 | D:2      | HP: 1/36 [something (12)]
  1054 | D:2      | Mangled by Sigmund

Vault maps used:
D:1:      ncdulo_wetmaze
D:2:      minitemple, uniq_sigmund

Skill      XL: |  1  2 |
---------------+-------+-----
Throwing       | 2 |  2.6
Armour         | 2 |  2.4
Fighting       | 7 |  7.0
Polearms       | |  1.7
Bows           | |  1.7
Dodging        | |  1.7
Shields        | |  1.7

Action                   || total
-------------------------++-------
Melee: Dagger            ||    41
       Bite              ||     3
 Fire: Blowgun           ||    30
Throw: Throwing net      ||     4
  Use: Potion            ||     3
       Scroll            ||     5
Armor: Leather armour    ||    20
Dodge: Dodged            ||    35
Block: Shield            ||     9
